 Dungeon Crawl Stone Soup version 0.30-a0-956-gcec3b41aec (webtiles) character file.

Game seed: 16900291883722165540

155 retardedninja the Covered (level 5, -2/48 HPs)
             Began as an Armataur Fighter on Mar 29, 2023.
             Slain by an ufetubus (4 damage)
             ... on level 4 of the Dungeon.
             The game lasted 00:03:12 (2212 turns).

retardedninja the Covered (Armataur Fighter)        Turns: 2212, Time: 00:03:13

Health: -2/48      AC:  7    Str: 22    XL:     5   Next: 14%
Magic:  5/5        EV:  7    Int:  6    God:
Gold:   188        SH:  5    Dex: 15    Spells: 4/4 levels left

rFire   + . .      SeeInvis .    f - +2 falchion "Hofa" {drain, rN++ Int-2 Dex+4}
rCold   + . .      Faith    .    c - +0 buckler
rNeg    + + .      Spirit   .    b - +0 scale mail
rPois   +          Reflect  .    (no helmet)
rElec   +          Roll     +    (no cloak)
rCorr   +                        (no gloves)
Will    .....                    (no barding) Stlth
                                 (no amulet)
HPRegen 0.28/turn                (no ring)
MPRegen 0.09/turn                (no ring)

@: resistant
A: large, rugged brown scales 3, deformed body, armoured tail, roll, long
tongue, awkward tongue
a: no special abilities


You were on level 4 of the Dungeon.
You visited 1 branch of the dungeon, and saw 4 of its levels.

You collected 188 gold pieces.

Inventory:

Hand Weapons
 a - a +0 long sword
 f - the +2 falchion "Hofa" (weapon) {drain, rN++ Int-2 Dex+4}
   (You found it on level 2 of the Dungeon)

   Int:       It affects your intelligence (-2).
   Dex:       It affects your dexterity (+4).
   rN:        It greatly protects you from negative energy.
Armour
 b - a +0 scale mail (worn)
 c - a +0 buckler (worn)
Jewellery
 p - a ring of wizardry
 r - a +6 ring of intelligence
Wands
 k - a wand of flame (16)
Scrolls
 e - a scroll of magic mapping {unknown}
 j - a scroll of silence {unknown}
 m - 2 scrolls of teleportation {unknown}
 o - a scroll of acquirement {unknown}
 s - 3 scrolls of noise {unknown}
 t - a scroll of amnesia {unknown}
 v - a scroll of identify {unknown}
Potions
 d - a potion of might
 g - a potion of haste {unknown}
 n - a potion of mutation {unknown}
 u - a potion of berserk rage {unknown}


   Skills:
 + Level 3.3 Fighting
 * Level 3.3 Long Blades
 + Level 4.5 Armour
 + Level 4.1 Shields


You had 4 spell levels left.
You didn't know any spells.
Your spell library contained the following spells:

 Spells                   Type           Power      Damage    Failure   Level
 Kiss of Death            Conj/Necr      0%         2d5       83%         1
 Confusing Touch          Hex            0%         N/A       99%         3
 Dispel Undead            Necr           0%         3d6       100%        4


Dungeon Overview and Level Annotations

Branches:
Dungeon (4/15)
 Temple: D:4-7

Altars:
Trog

Shops:
D:1 *


Innate Abilities, Weirdness & Mutations

You are completely covered in rugged brown scales. (AC +3, +7% HP)
Armour fits poorly on your strangely shaped body.
You have a long armoured tail.
You roll when moving toward enemies. (Rampage)
Your long tongue fully drains potion bottles. (2x potion effects)
Your tongue gives you trouble enunciating. (1.5x scroll delay)


Message History

The jackal bites you but does no damage. x2
You block the worm's attack.
The jackal bites you but does no damage.
The ufetubus hits you.
* * * LOW HITPOINT WARNING * * *
The ufetubus closely misses you.
You barely miss the hobgoblin. The jackal barely misses you.
The jackal bites you but does no damage.
The hobgoblin closely misses you. The hobgoblin hits you.
* * * LOW HITPOINT WARNING * * *
You block the ufetubus's attack. The ufetubus hits you.
* * * LOW HITPOINT WARNING * * *
The jackal bites you but does no damage. x2
The worm bites you.
* * * LOW HITPOINT WARNING * * *
The jackal bites you but does no damage.
You barely miss the hobgoblin.
The ufetubus hits you but does no damage.
You block the ufetubus's attack.
The jackal bites you but does no damage.
The hobgoblin hits you but does no damage. x2
The jackal bites you but does no damage.
The ufetubus closely misses you. The ufetubus barely misses you.
The jackal bites you but does no damage.
The jackal bites you.
* * * LOW HITPOINT WARNING * * *
The hobgoblin hits you but does no damage. x2
You hit the hobgoblin.
The hobgoblin is heavily wounded.
The jackal bites you but does no damage.
The ufetubus barely misses you. The ufetubus hits you.
* * * LOW HITPOINT WARNING * * *
The jackal bites you but does no damage. x2
The worm bites you.
* * * LOW HITPOINT WARNING * * *
The jackal bites you but does no damage.
The ufetubus hits you.
* * * LOW HITPOINT WARNING * * *
The ufetubus hits you.
You die...

...............#
...............#
..................
..................
...............##
......#.[......#
.....###.....J#...
...........5h##.##
##.#......gg@g...# .
#<.#...#...whh#.....
...[#...........g.#
....
...........###..#...
...
.........#......#...$
.......###.###.###.....
.......# ##. ... .....
...#.... .... .....
...#.... ~~


You could see a worm, a gnoll, an ufetubus, an endoplasm, 3 jackals and 3
hobgoblins.

Vanquished Creatures
  A howler monkey (D:4)
  A hound (D:4)
  A gnoll (D:1)
  2 adders
  2 dart slugs
  2 orcs (D:4)
  5 endoplasms
  3 giant cockroaches
  2 goblins
  4 hobgoblins
  8 jackals
  A quokka (D:2)
  4 ball pythons
  5 bats
  4 frilled lizards
  2 kobolds
  6 rats
53 creatures vanquished.

Vanquished Creatures (others)
  A goblin (D:1)
1 creature vanquished.

Grand Total: 54 creatures vanquished

Notes
Turn   | Place    | Note
-------+----------+-------------------------------------------
     0 | D:1      | retardedninja the Armataur Fighter began the quest for the
                  | Orb.
     0 | D:1      | Reached XP level 1. HP: 19/19 MP: 1/1
    98 | D:1      | Reached XP level 2. HP: 22/26 MP: 2/2
   238 | D:1      | You fall into a shaft and drop 1 floor!
   250 | D:2      | Identified the +2 falchion "Hofa" {drain, rN++ Int-2 Dex+4}
   725 | D:2      | Reached XP level 3. HP: 32/32 MP: 3/3
  1155 | D:1      | Found Hyuvvovi's General Store.
  1619 | D:3      | Found a bloodstained altar of Trog.
  1718 | D:3      | Reached XP level 4. HP: 39/40 MP: 4/4
  2201 | D:4      | Reached XP level 5. HP: 26/48 MP: 5/5
  2212 | D:4      | HP: 2/48 [ufetubus (1)]
  2212 | D:4      | Slain by an ufetubus

Illustrated notes

Levels and vault maps discovered:
D:1:      dpeg_arrival_court, layout_basic, serial_shops, shop,
          serial_park_tiny_2, ebering_dispersal_statue_hall
D:2:      layout_basic, nicolae_eternal_life
D:3:      layout_basic, mainiacjoe_overflow_small_starburst, serial_bayou_pond_a
D:4:      lemuel_castle_with_subvaults [lemuel_castle_interior_carwin_3],
          layout_cave_pools, pdpol_temple_overflow_zin_treasury_gozag_greed,
          mainiacjoe_overflow_chevrons, uniq_pikel

Skill      XL: |  1  2  3  4 |
---------------+-------------+-----
Long Blades    | 2 3 |  3.3
Armour         | 4 |  4.5
Fighting       | 3 |  3.3
Shields        | 4 |  4.1

Action                     |  1- 3 |  4- 6 || total
---------------------------+-------+-------++-------
  Melee: Long sword        |    37 |       ||    37
         Tailslap          |     8 |     3 ||    11
         Falchion          |    62 |    45 ||   107
    Use: Potion            |       |     5 ||     5
 Armour: Scale mail        |    58 |   105 ||   163
  Dodge: Dodged            |    40 |    61 ||   101
  Block: Buckler           |    15 |    42 ||    57

Table legend: (Time is in decaauts)
 A = Elapsed time spent in this place.
 B = Non-inter-level travel time spent in this place.
 C = Inter-level travel time spent in this place.
 D = Time resting spent in this place.
 E = Time spent auto-exploring this place.
 F = Levels seen in this place.
 G = Mean time per level.
                   A        B        C        D        E       F      G
               +--------+--------+--------+--------+--------+-----+--------+
         Total |   2245 |   2109 |    136 |      0 |   1786 |   4 |  561.2 |
       Dungeon |   2245 |   2109 |    136 |      0 |   1786 |   4 |  561.2 |
               +--------+--------+--------+--------+--------+-----+--------+

Top non-repeatable levels by time:
     D:2: 959 daAuts
     D:1: 655 daAuts
     D:3: 579 daAuts
     D:4: 51 daAuts
